 Dungeon Crawl Stone Soup version 0.20.0-9-g8272e65 (webtiles) character file.

5579 tiddo the Gouger (level 10, 42/42 HPs)
             Began as a Felid Transmuter on June 3, 2017.
             Was a Believer of Uskayaw.
             Quit the game on level 12 of the Dungeon.
             The game lasted 00:50:56 (13448 turns).

tiddo the Gouger (Felid Transmuter)                Turns: 13448, Time: 00:50:57

Health: 42/42      AC:  2    Str:  6    XL:     10   Next: 44%
Magic:  17/17      EV: 23    Int: 17    God:    Uskayaw [**....]
Gold:   770        SH:  0    Dex: 24    Spells: 1/17 levels left
                                        Lives:  1   Deaths: 1

rFire    . . .     SeeInvis +     - Unarmed
rCold    . . .     Gourm    .   (shield unavailable)
rNeg     . . .     Faith    .   (armour unavailable)
rPois    +         Spirit   .   (helmet unavailable)
rElec    .         Reflect  .   (cloak unavailable)
rCorr    .         Harm     .   (gloves unavailable)
MR       +....                  (boots unavailable)
Stlth    ++++++....             (no amulet)
Regen    0.2/turn               Y - +4 ring of slaying
MPRegen  0.2/turn               P - ring of poison resistance

@: quick
A: no armour, no weapons or thrown items, stealth, claws 1, fangs 3, thin
skeletal structure 1, see invisible, agile 2, carnivore 3, speed 1, shaggy fur
2, slow metabolism 1, sharp paws
a: Stomp, Line Pass, Renounce Religion


You were on level 12 of the Dungeon.
You worshipped Uskayaw.
Uskayaw was noncommittal.
You were not hungry.

You visited 2 branches of the dungeon, and saw 13 of its levels.
You also visited: Sewer.

You collected 770 gold pieces.

Inventory:

Missiles
 a - 149 arrows
Jewellery
 n - an uncursed ring of positive energy
 p - an uncursed ring of protection from cold
 x - a +4 ring of strength
 y - an uncursed ring of ice
 z - an uncursed ring of magical power
 P - a ring of poison resistance (right paw)
 Y - a +4 ring of slaying (left paw)
Wands
 C - a wand of random effects (38/48)
 D - a wand of flame (14/48)
 J - a wand of paralysis (3/24)
 K - a wand of paralysis (4/24)
Scrolls
 i - 4 scrolls of identify
 j - a scroll of recharging
 l - 4 scrolls of fear
 m - 7 scrolls of teleportation
 u - 4 scrolls of remove curse
 v - a scroll of blinking {unknown}
 w - a scroll of fog {unknown}
 A - a scroll of magic mapping {unknown}
 E - a scroll of vulnerability {unknown}
 F - a scroll of amnesia
Potions
 d - 2 potions of resistance
 e - 4 potions of might
 g - 3 potions of heal wounds
 k - 3 potions of lignification
 o - a potion of ambrosia
 q - 3 potions of curing
 r - a potion of berserk rage
 s - 2 potions of invisibility
 t - 2 potions of haste
 G - a potion of agility
Books
 b - a book of Changes

   Spells                             Type                      Level
   a - Beastly Appendage              Transmutation                1
   b - Sticks to Snakes               Transmutation                2
   c - Spider Form                    Transmutation/Poison         3
   d - Ice Form                       Ice/Transmutation            4
   e - Blade Hands                    Transmutation                5
 B - a Young Poisoner's Handbook

   Spells                             Type                      Level
   a - Sting                          Conjuration/Poison           1
   b - Poisonous Vapours              Poison/Air                   2
   c - Mephitic Cloud                 Conjuration/Poison/Air       3
   d - Olgreb's Toxic Radiance        Poison                       4
   e - Venom Bolt                     Conjuration/Poison           5
 H - a book of Misfortune

   Spells                             Type                      Level
   a - Confusing Touch                Hexes                        1
   b - Confuse                        Hexes                        3
   c - Gell's Gravitas                Translocation                3
   d - Petrify                        Transmutation/Earth          4
   e - Metabolic Englaciation         Hexes/Ice                    5
   f - Yara's Violent Unravelling     Hexes/Transmutation          5
Comestibles
 c - 5 meat rations
 h - 4 royal jellies


   Skills:
 + Level 3.8 Fighting
 + Level 5.7 Dodging
 + Level 10.3 Stealth
 * Level 10.4 Unarmed Combat
 - Level 4.0 Spellcasting
 - Level 5.6 Hexes
 - Level 10.1 Transmutations
 - Level 4.1 Earth Magic
 - Level 1.2 Poison Magic
 - Level 3.1 Invocations


You had one spell level left.
You knew the following spells:

 Your Spells              Type           Power        Failure   Level  Hunger
e - Beastly Appendage     Tmut           #####.       1%          1    None
h - Blade Hands           Tmut           #####.....   6%          5    ######.
k - Sticks to Snakes      Tmut           #####...     1%          2    ##.....
p - Spider Form           Tmut/Pois      ###.......   4%          3    ###....
t - Confusing Touch       Hex            ###...       1%          1    None
z - Petrify               Tmut/Erth      ####....     9%          4    ####...


Dungeon Overview and Level Annotations

Branches:
Dungeon (12/15)            Temple (1/1) D:6             Orc (0/2) D:12
   Lair: D:8-11

Altars:
Ashenzari
Cheibriados
Dithmenos
Elyvilon
Fedhas
Gozag
Hepliaklqana
Kikubaaqudgha
Makhleb
Nemelex Xobeh
Okawaru
Qazlal
Ru
Sif Muna
Trog
Uskayaw
Vehumet
Xom
Yredelemnul
Zin
The Shining One

Shops:
D:4 :   D:5 *?([   D:7 =   D:11 [

Annotations:
D:5 exclusions: big kobold and 2 orcs, Eustachio
D:7 2 runed doors, exclusions: 2 killer bees and orange crystal statue
D:8 mrks's ghost, journeyman GrGl
D:10 Snorg
D:11 exclusions: 2 cyclopes, 3 killer bees, necrophage and two-headed ogre
D:12 exclusions: fire elemental, 2 hell hounds and 2 yaks, Azrael; Harold; Josephine


Innate Abilities, Weirdness & Mutations

You cannot wear armour.
You are incapable of wielding weapons or throwing items.
Your paws allow you to move quietly. (Stealth)
You have sharp claws.
You have razor-sharp teeth.
You have supernaturally acute eyesight. (SInv)
You are carnivorous and can eat meat at any time.
You cover ground quickly.
You are covered in thick fur. (AC +2)
You have a slow metabolism.
Your sharp claws are effective at attacking unaware monsters.
You have a somewhat thin skeletal structure. (Dex +2, Stealth)
You are very agile. (Dex +4)


Message History

The wraith is heavily damaged.
The wraith seems less confused.
The wraith completely misses you.
You scratch the wraith.
The wraith is severely damaged.
You feel yourself speed up. The wraith hits you. The wraith drains your vigour!
You feel yourself slow down.
You can now pass through a line of other dancers.
Your magical effects are unravelling.
You feel magically purged.
You feel yourself speed up. The wraith misses you.
Harold hits you from afar with a glaive!
* * * LOW HITPOINT WARNING * * *
The wraith hits you!
You die...
The wraith drains your vigour!
You feel yourself slow down.
You are now level 10!
You rejoin the land of the living...
Are you sure you want to abandon this character and quit the game? (Confirm with "yes".)

#...###....................#
###........................#
#.......................##
#....#######....##......###
##....## ###.......###..#
#..##..# #........###..
#..###.## ##...#....#####
##.##...######....#.....## #
#.#.......@..#..........###
#..........(####....##....#
#.###.....#.# ##.(.###....
#.## #.##....## #..#.###...
... #..##.....####.###.##..#
### #...##..###.##.##
##..### #....#.#.# ##..##
###### ##..#.##.# #### ###.
## ### #..#


There were no monsters in sight!

Vanquished Creatures
  2 two-headed ogres
  2 deep elf magi (D:12)
  A centaur zombie (D:11)
  Psyche (D:10)
  A centaur skeleton (D:9)
  4 slime creatures (D:12)
  3 hippogriffs
  A spriggan (D:11)
  A shadow (D:11)
  Sigmund (D:3)
  A wyvern (D:7)
  6 wraiths
  4 yaks (D:9)
  2 hungry ghosts (D:11)
  A vampire mosquito (D:10)
  3 orc warriors
  4 ice beasts
  2 necrophages (D:11)
  A phantom (D:8)
  An eye of draining (D:11)
  5 ogres
  A centaur (D:12)
  2 big kobolds (Sewer)
  5 bullfrogs
  A water moccasin zombie (D:7)
  3 scorpions
  A wyvern skeleton (D:11)
  12 wights
  3 howler monkeys
  4 crimson imps
  2 bullfrog zombies
  2 quasits
  3 jellies
  A hound (D:7)
  An orc priest (D:6)
  4 bullfrog skeletons
  2 iguanas
  7 orc wizards
  Natasha (thrice) (D:4)
  9 worker ants
  4 hound skeletons
  A howler monkey zombie (D:6)
  A worker ant zombie (D:8)
  A howler monkey skeleton (D:8)
  2 river rats
  12 adders
  7 gnolls
  A shadow imp (D:7)
  5 oozes
  3 adder skeletons
  5 worms
  3 dart slugs
  8 leopard geckos
  39 orcs
  10 bats
  7 giant cockroaches
  12 goblins
  9 hobgoblins
  7 jackals
  7 kobolds
  7 quokkas
  A ball python (Sewer)
  2 frilled lizards
  A leopard gecko skeleton (D:4)
  A quokka skeleton (D:7)
  11 rats
280 creatures vanquished.

Vanquished Creatures (collateral kills)
  An adder (D:2)
  2 rats (D:2)
3 creatures vanquished.

Grand Total: 283 creatures vanquished

Notes
Turn   | Place    | Note
-------+----------+-------------------------------------------
     0 | D:1      | tiddo the Felid Transmuter began the quest for the Orb.
     0 | D:1      | Reached XP level 1. HP: 9/9 MP: 4/4
    47 | D:1      | Reached skill level 1 in Stealth
   251 | D:1      | Reached XP level 2. HP: 10/12 MP: 3/6
   255 | D:1      | Learned a level 2 spell: Sticks to Snakes
   687 | D:2      | Reached XP level 3. HP: 15/15 MP: 5/7
  1304 | D:2      | Reached XP level 4. HP: 19/19 MP: 4/8
  2196 | D:2      | Learned a level 3 spell: Spider Form
  2278 | D:3      | Reached XP level 5. HP: 22/22 MP: 4/9
  2672 | D:3      | Noticed Sigmund
  2892 | D:3      | Gained mutation: You have a somewhat thin skeletal structure. (Dex +2, Stealth) [potion of mutation]
  2892 | D:3      | Gained mutation: You are agile. (Dex +2) [potion of mutation]
  2892 | D:3      | Gained mutation: You are very agile. (Dex +4) [potion of mutation]
  2899 | D:3      | Killed Sigmund
  2899 | D:3      | Reached skill level 5 in Stealth
  2899 | D:3      | Reached skill level 5 in Unarmed Combat
  2899 | D:3      | Gained mutation: You are covered in thick fur. (AC +2) [Felid growth]
  2899 | D:3      | Reached XP level 6. HP: 25/25 MP: 10/10
  3214 | D:2      | Found a basalt altar of Yredelemnul.
  3511 | D:4      | Noticed Natasha
  3514 | D:4      | Killed Natasha
  3601 | D:4      | Noticed Natasha
  3610 | D:4      | Killed Natasha
  3839 | D:4      | Found Cist's Book Boutique.
  3970 | D:4      | Found a burning altar of Makhleb.
  3972 | D:4      | Noticed a blizzard demon
  3976 | D:4      | Noticed a smoke demon
  3976 | D:4      | Noticed an orange demon
  3989 | D:4      | Noticed Natasha
  3996 | D:4      | Killed Natasha
  3996 | D:4      | Reached XP level 7. HP: 19/28 MP: 7/11
  4260 | D:4      | Found a sacrificial altar of Ru.
  4573 | D:5      | Entered Level 5 of the Dungeon
  4881 | D:5      | Found Lyname's Magic Scroll Boutique.
  4895 | D:5      | Found Debref Ylips's Assorted Antiques.
  4963 | D:5      | Found a white marble altar of Elyvilon.
  5226 | D:6      | Found a staircase to the Ecumenical Temple.
  5234 | Temple   | Entered the Ecumenical Temple
  5437 | Temple   | Became a worshipper of Uskayaw the Reveler
  5510 | D:6      | Reached * piety under Uskayaw
  5678 | D:6      | Reached XP level 8. HP: 32/32 MP: 6/12
  5714 | D:6      | Reached ** piety under Uskayaw
  5727 | D:6      | Found a glowing drain.
  5731 | Sewer    | Entered a sewer
  6267 | Sewer    | Reached skill level 1 in Poison Magic
  6715 | D:5      | Reached *** piety under Uskayaw
  6718 | D:5      | Reached skill level 1 in Invocations
  6736 | D:5      | Found Paoxod's Armour Emporium.
  6736 | D:5      | Noticed Eustachio
  6982 | D:5      | Found Quiss's Weapon Shoppe.
  7482 | D:7      | Reached XP level 9. HP: 31/38 MP: 8/13
  7796 | D:7      | Reached skill level 5 in Dodging
  7819 | D:7      | Found Nieqoq's Jewellery Shop.
  7851 | D:7      | Found a runed door.
  7872 | D:7      | Found a runed door.
  7885 | D:7      | Noticed an orange crystal statue
  8004 | D:7      | Found a snail-covered altar of Cheibriados.
  8004 | D:7      | Found a shimmering altar of Xom.
  8009 | D:7      | Found a sacrificial altar of Ru.
  8011 | D:7      | Found a hazy altar of Hepliaklqana.
  8012 | D:7      | Found a glowing silver altar of Zin.
  8161 | D:8      | Reached **** piety under Uskayaw
  8433 | D:8      | Found an ancient bone altar of Kikubaaqudgha.
  8691 | D:8      | Noticed mrks's ghost (journeyman GrGl)
  8851 | D:9      | Noticed a two-headed ogre
  8873 | D:9      | Killed a two-headed ogre
  8873 | D:9      | Reached skill level 10 in Stealth
  8873 | D:9      | Reached skill level 10 in Unarmed Combat
  9079 | D:8      | Found a shadowy altar of Dithmenos.
  9249 | D:9      | Reached skill level 5 in Transmutations
  9249 | D:9      | Reached XP level 10. HP: 42/42 MP: 14/14
  9639 | D:9      | Reached ***** piety under Uskayaw
 10042 | D:9      | Learned a level 5 spell: Blade Hands
 10142 | D:10     | Entered Level 10 of the Dungeon
 10152 | D:10     | Noticed Snorg
 10394 | D:10     | Noticed Psyche
 10398 | D:10     | Killed Psyche
 10515 | D:10     | Learned a level 1 spell: Confusing Touch
 11056 | D:11     | Noticed a cyclops
 11096 | D:11     | Reached skill level 5 in Hexes
 11113 | D:11     | Learned a level 4 spell: Petrify
 11155 | D:11     | Reached skill level 1 in Earth Magic
 11212 | D:11     | Noticed a cyclops
 11239 | D:11     | Noticed a two-headed ogre
 11303 | D:11     | HP: 1/42 [wyvern skeleton (13)]
 11866 | D:11     | Found Doasoadd's Armour Emporium.
 11881 | D:11     | Reached XP level 11. HP: 39/44 MP: 18/18
 11994 | D:11     | Noticed a two-headed ogre
 12004 | D:11     | Killed a two-headed ogre
 12261 | D:12     | Noticed Harold
 12665 | D:12     | Noticed a deep elf mage
 12730 | D:12     | Killed a deep elf mage
 12730 | D:12     | Reached skill level 10 in Transmutations
 12958 | D:12     | Noticed a deep elf mage
 12965 | D:12     | Killed a deep elf mage
 13098 | D:12     | Found a staircase to the Orcish Mines.
 13342 | D:12     | Noticed Azrael
 13379 | D:12     | Noticed Josephine
 13447 | D:12     | Slain by a wraith
 13448 | D:12     | Reached XP level 10. HP: 0/41 MP: 17/17
 13448 | D:12     | Quit the game

Skill      XL: |  1  2  3  4  5  6  7  8  9 10 11 |
---------------+----------------------------------+-----
Stealth        | 2 3 4 5 6 7 8 10 | 10.3
Unarmed Combat | 4 5 6 7 8 10 | 10.4
Poison Magic   | 1 |  1.2
Transmutations | 4 5 8 10 | 10.1
Dodging        | 4 5 |  5.7
Invocations    | 2 3 |  3.1
Fighting       | 3 |  3.8
Hexes          | 5 |  5.6
Spellcasting   | 4 |  4.0
Earth Magic    | 2 4 |  4.1

Action                   |  1- 3 |  4- 6 |  7- 9 | 10-12 || total
-------------------------+-------+-------+-------+-------++-------
Melee: Unarmed           |    64 |   147 |   301 |   248 ||   760
       Headbutt          |    12 |    13 |       |       ||    25
       Bite              |     5 |     6 |     6 |    24 ||    41
       Punch             |       |     2 |     1 |    12 ||    15
 Cast: Beastly Appendage |    21 |    20 |     1 |       ||    42
       Sticks to Snakes  |    10 |     2 |       |       ||    12
       Spider Form       |       |     5 |    41 |     8 ||    54
       Confusing Touch   |       |       |       |    39 ||    39
       Blade Hands       |       |       |       |     2 ||     2
       Petrify           |       |       |       |     4 ||     4
 Abil: End Transformatio |       |       |       |     2 ||     2
  Use: Scroll            |     3 |     8 |     2 |     4 ||    17
       Potion            |       |     3 |       |     4 ||     7
 Stab: Sleeping          |     7 |    14 |    34 |    16 ||    71
       Distracted        |     1 |       |       |       ||     1
       Paralysed         |       |       |     6 |     2 ||     8
       Confused          |       |       |       |    21 ||    21
       Invisible         |       |       |       |     5 ||     5
       Petrified         |       |       |       |     2 ||     2
  Eat: Chunk             |     9 |     7 |    18 |    13 ||    47
Armor: Skin              |       |    14 |    11 |     8 ||    33
Dodge: Dodged            |    43 |    89 |   224 |   127 ||   483
